 Dungeon Crawl Stone Soup version bcrawl-1.21.2-1-g32d02e0829 (webtiles) character file.

Game seed: 4484357195737914972

2631 Freyura the Skirmisher (level 9, -6/81 HPs)
             Began as a Hill Orc Fighter on Feb 24, 2020.
             Was a Follower of the Shining One.
             Mangled by a troll (13 damage)
             ... on level 7 of the Dungeon.
             The game lasted 00:14:02 (8053 turns).

Freyura the Skirmisher (Hill Orc Fighter)           Turns: 8053, Time: 00:14:02

Health: -6/81      AC:  9    Str: 19    XL:     9   Next: 61%
Magic:  10/10      EV: 10    Int:  8    God:    the Shining One [*.....]
Gold:   385        SH: 10    Dex: 13    Spells: 8/8 levels left

rFire    . . .     SeeInvis .   a - +0 flail
rCold    . . .     Gourm    .   c - +0 shield
rNeg     . . .     Faith    .   b - +0 scale mail
rPois    .         Spirit   .   (no helmet)
rElec    .         Reflect  .   D - +0 cloak
rCorr    .         Harm     .   (no gloves)
MR       .....     Rnd*Tele +   (no boots)
Stlth    ..........             (no amulet)
HPRegen  0.23/turn              l - ring of attention (curse)
MPRegen  0.12/turn              s - ring of teleportation (curse)

@: glowing
A: no striking features
a: Renounce Religion


You were on level 7 of the Dungeon.
You worshipped the Shining One.
The Shining One was aware of your devotion.
You were hungry.

You visited 2 branches of the dungeon, and saw 8 of its levels.

You collected 420 gold pieces.
You donated 35 gold pieces to Zin.

Inventory:

Hand Weapons
 a - a +0 flail (weapon)
 d - a +1 scythe of slicing
Missiles
 t - 2 throwing nets (quivered) {!f}
Armour
 b - a +0 scale mail (worn)
 c - a +0 shield (worn)
 h - a +0 chain mail
 D - a +0 cloak (worn)
Jewellery
 l - a cursed ring of attention (left hand)
 s - a cursed ring of teleportation (right hand)
Wands
 f - a wand of clouds (6)
 r - a wand of digging (7)
 w - a wand of flame (25)
 y - a wand of acid (11)
 B - a wand of polymorph (8)
Scrolls
 g - a scroll of blinking {unknown}
 j - 3 scrolls of enchant weapon {unknown}
 k - a scroll of amnesia {unknown}
 n - 2 scrolls of remove curse {unknown}
 o - 5 scrolls of teleportation {unknown}
 p - 4 scrolls of fear {unknown}
 q - 11 scrolls of identify {unknown}
 v - a scroll of immolation {unknown}
 x - a scroll of fog {unknown}
Potions
 i - a potion of degeneration
 m - 2 potions of ambrosia {unknown}
 u - 2 potions of curing
 z - a potion of haste {unknown}
 A - a potion of mutation {unknown}
 C - 2 potions of lignification {unknown}
 E - 2 potions of heal wounds
Comestibles
 e - 13 rations {!d}


   Skills:
 * Level 7.9 Fighting
   Level 7.9 Short Blades
   Level 7.9 Long Blades
   Level 7.9 Axes
   Level 7.9 Maces & Flails
   Level 7.9 Polearms
   Level 7.9 Staves
 + Level 7.0 Armour
 + Level 4.4 Dodging
 + Level 6.9 Shields
   Level 7.9 Unarmed Combat
 + Level 2.5 Invocations


You had 8 spell levels left.
You didn't know any spells.
Your spell library contained the following spells:

 Spells                   Type           Power        Failure   Level  Hunger
 Magic Dart               Conj           #...         97%         1    ##.....
 Searing Ray              Conj           #.......     99%         2    ###....
 Iskenderun's Mystic Bla  Conj           #.......     100%        3    ####...
 Fulminant Prism          Conj/Hex       #.........   100%        4    #####..
 Irradiate                Conj/Tmut      #.........   100%        5    ######.


Dungeon Overview and Level Annotations

Branches:
Dungeon (7/12)             Temple (1/1) D:6
   Lair: D:7-9

Altars:
Ashenzari
Dithmenos
Elyvilon
Fedhas
Gozag
Hepliaklqana
Kikubaaqudgha
Makhleb
Nemelex Xobeh
Okawaru
Qazlal
Ru
Sif Muna
Trog
Uskayaw
Vehumet
Wu Jian
Xom
Yredelemnul
Zin
The Shining One

Annotations:
D:4 1 runed translucent door, Freyura's ghost, amateur DsGl


Message History

The troll is severely wounded.
The troll closely misses you.
The troll claws you but does no damage. x2
You hit the troll but do no damage.
The troll is severely wounded.
You block the troll's attack. x2; The troll claws you.
You hit the troll.
The troll is severely wounded.
The troll bites you but does no damage. The troll claws you!
The troll claws you but does no damage. You block the troll's attack.
The troll closely misses you. The troll barely misses you.
You hit the troll but do no damage.
The troll is severely wounded.
You block the troll's attack. The troll claws you!
* * * LOW HITPOINT WARNING * * *
The troll claws you!
* * * LOW HITPOINT WARNING * * *
You hit the troll but do no damage.
The troll is severely wounded.
The troll bites you!
You die...

##.).....#.......[.
#####......#.#.........
##.....#####...#####.##.
#......# #○○°# #....
##....## #☼°§# #..).
##...## #§☼☼# #....
#....#####...#####....
##....§☼☼.[[[.§○☼.....
#.#.@°☼§.[.[. ○§.....
####T°§§.[$.. °§.....
#.#####...# ###.... ...
.☼# #.... #... # #...)
..... #.##. ......
####.... .......
........ .......
#....##.


You could see a troll.

Vanquished Creatures
  Grinder (D:5)
  Sigmund (D:2)
  Eustachio (D:6)
  A water moccasin (D:6)
  A sky beast (D:7)
  A black bear (D:6)
  A phantom (D:6)
  4 centaurs
  A necrophage (D:5)
  3 ogres (D:5)
  Blork the orc (D:6)
  A water moccasin zombie (D:7)
  2 scorpions
  3 howler monkeys
  2 crimson imps
  A centaur zombie (D:5)
  A bullfrog zombie (D:6)
  A quasit (D:7)
  2 hounds (D:3)
  An orc priest (D:3)
  Crazy Yiuf (D:5)
  3 iguanas
  A centaur skeleton (D:4)
  Ijyb (D:5)
  Terence (D:2)
  5 worker ants
  A hound zombie (D:5)
  A hound skeleton (D:7)
  A worker ant zombie (D:4)
  9 adders
  An ooze (D:6)
  3 worms
  A dart slug (D:3)
  6 leopard geckos
  14 orcs
  2 bats
  A bat zombie (D:1)
  2 giant cockroaches (D:1)
  4 goblins
  8 hobgoblins
  3 jackals
  4 quokkas
  2 ball pythons
  2 frilled lizards
  A giant cockroach zombie (D:1)
  A jackal skeleton (D:7)
  9 kobolds
  7 rats
125 creatures vanquished.

Notes
Turn   | Place    | Note
-------+----------+-------------------------------------------
     0 | D:1      | Freyura the Hill Orc Fighter began the quest for the Orb.
     0 | D:1      | Reached XP level 1. HP: 20/20 MP: 1/1
    73 | D:1      | Reached XP level 2. HP: 23/27 MP: 2/2
   814 | D:2      | Found an opulent altar of Gozag.
   927 | D:2      | Reached XP level 3. HP: 34/34 MP: 3/3
  1016 | D:2      | Noticed Sigmund
  1028 | D:2      | Killed Sigmund
  1028 | D:2      | Reached skill level 5 in Fighting
  1028 | D:2      | Reached skill level 1 in Dodging
  1028 | D:2      | Reached XP level 4. HP: 26/42 MP: 4/4
  1028 | D:2      | Reached XP level 5. HP: 29/48 MP: 5/5
  1587 | D:2      | Noticed Terence
  1615 | D:2      | Killed Terence
  1615 | D:2      | Reached XP level 6. HP: 46/56 MP: 6/6
  2456 | D:3      | Found a burning altar of Makhleb.
  2467 | D:3      | Reached XP level 7. HP: 39/61 MP: 7/7
  2800 | D:3      | Found a basalt altar of Yredelemnul.
  2800 | D:3      | Found a faded altar of an unknown god.
  2805 | D:3      | Found a faded altar of an unknown god.
  2807 | D:3      | Found an opulent altar of Gozag.
  2809 | D:3      | Found a hide-covered altar of Uskayaw.
  3837 | D:4      | Reached skill level 5 in Armour
  3860 | D:4      | Reached skill level 5 in Shields
  4280 | D:4      | Found a shadowy altar of Dithmenos.
  4323 | D:4      | Found a hazy altar of Hepliaklqana.
  4547 | D:4      | Found a runed translucent door.
  4550 | D:4      | Noticed Freyura's ghost (amateur DsGl)
  4614 | D:5      | Entered Level 5 of the Dungeon
  5049 | D:5      | Noticed Grinder
  5063 | D:5      | Killed Grinder
  5063 | D:5      | Reached XP level 8. HP: 35/71 MP: 8/8
  5543 | D:5      | Noticed Ijyb
  5557 | D:5      | Killed Ijyb
  5959 | D:5      | Found a runed door.
  5963 | D:5      | Noticed Crazy Yiuf
  5968 | D:5      | Killed Crazy Yiuf
  6067 | D:6      | Noticed Blork the orc
  6080 | D:6      | Killed Blork the orc
  6420 | D:6      | Reached XP level 9. HP: 71/79 MP: 9/9
  6493 | D:6      | Noticed Eustachio
  6541 | D:6      | Killed Eustachio
  6802 | D:5      | Found a shadowy altar of Dithmenos.
  6905 | D:6      | Found a staircase to the Ecumenical Temple.
  6914 | Temple   | Entered the Ecumenical Temple
  7146 | Temple   | Became a worshipper of Zin the Law-Giver
  7146 | Temple   | Reached * piety under Zin
  7181 | Temple   | Fell from the grace of Zin
  7181 | Temple   | Became a worshipper of the Shining One
  7234 | D:6      | Found a shattered altar of Ashenzari.
  7522 | D:6      | Reached skill level 1 in Invocations
  7740 | D:7      | Reached * piety under the Shining One
  8036 | D:7      | Noticed a troll
  8053 | D:7      | Mangled by a troll

Skill      XL: |  1  2  3  4  5  6  7  8  9 |
---------------+----------------------------+-----
Fighting       | 5 6 7 |  7.9
Armour         | 4 5 6 7 |  7.0
Dodging        | 1 2 3 4 |  4.4
Shields        | 4 5 6 |  6.9
Invocations    | 2 |  2.5
Short Blades   | |  7.9
Long Blades    | |  7.9
Axes           | |  7.9
Maces & Flails | |  7.9
Polearms       | |  7.9
Staves         | |  7.9
Unarmed Combat | |  7.9

Action                   |  1- 3 |  4- 6 |  7- 9 || total
-------------------------+-------+-------+-------++-------
Melee: Flail             |    98 |   147 |   449 ||   694
       Unarmed           |       |       |     5 ||     5
  Use: Potion            |     1 |     2 |     3 ||     6
  Eat: Chunk             |       |     1 |    15 ||    16
       Ration            |       |     1 |     1 ||     2
Armor: Scale mail        |    39 |    38 |   190 ||   267
Dodge: Dodged            |    30 |    37 |   207 ||   274
Block: Shield            |    51 |    76 |   316 ||   443
